 Dungeon Crawl Stone Soup version 0.18-a0-884-gb6cfd45 (webtiles) character file.

19 Jmtri7 the Skirmisher (level 2, -6/31 HPs)
             Began as an Ogre Skald on Dec 23, 2015.
             Mangled by a worm (7 damage)
             ... on level 3 of the Dungeon.
             The game lasted 00:05:06 (542 turns).

Jmtri7 the Skirmisher (Ogre Skald)                   Turns: 542, Time: 00:05:07

Health: -6/31      AC:  3    Str: 16    XL:     2   Next: 75%
Magic:  0/5        EV:  9    Int: 11    God:
Gold:   36         SH:  0    Dex:  9    Spells: 2 memorised, 2 levels left

rFire  . . .     SeeInvis .     a - +0 mace
rCold  . . .     Gourm    .     b - +0 robe
rNeg   . . .     Faith    .     (no shield)
rPois  .         Spirit   .     (helmet restricted)
rElec  .         Dismiss  .     (no cloak)
rCorr  .         Reflect  .     (gloves unavailable)
SustAt .         Harm     .     (boots unavailable)
MR     .....                    (no amulet)
Stlth  ++........               (no ring)
                                i - ring of stealth

@: singing (expiring), not resistant to hostile enchantments, unstealthy
A: unfitting armour, tough skin 1
a: Stop Singing


You were on level 3 of the Dungeon.
You were not hungry.

You visited 1 branch of the dungeon, and saw 3 of its levels.

You collected 36 gold pieces.

Inventory:

Hand Weapons
 a - a +0 mace (weapon)
Armour
 b - a +0 robe (worn)
Jewellery
 i - a ring of stealth (left hand)
Wands
 h - a wand of digging (11/24)
Scrolls
 j - a scroll of remove curse {unknown}
Potions
 e - a potion of curing
Books
 c - a book of Battle

   Spells                             Type                      Level
   a - Infusion                       Charms                       1
   b - Shroud of Golubria             Charms/Translocation         2
   c - Song of Slaying                Charms                       2
   d - Spectral Weapon                Hexes/Charms                 3
   e - Regeneration                   Charms/Necromancy            3
Comestibles
 d - 2 bread rations


   Skills:
 * Level 3.5 Fighting
 + Level 3.1 Maces & Flails
 - Level 1.3 Dodging
 - Level 2.4 Spellcasting
 + Level 2.4 Charms


You had 2 spell levels left.
You knew the following spells:

 Your Spells              Type           Power        Failure   Level  Hunger
a - Infusion              Chrm           #.....       12%         1    ##.....
b - Song of Slaying       Chrm           #.......     17%         2    ###....


Dungeon Overview and Level Annotations

Branches:
Dungeon (3/15)

Altars:


Innate Abilities, Weirdness & Mutations

You are too large for most types of armour.
You have tough skin (AC +1).


Message History

You barely miss the worm.
The worm is moderately wounded.
The worm bites you.
* * * LOW HITPOINT WARNING * * *
You sock the worm!
The worm is heavily wounded.
The worm bites you.
* * * LOW HITPOINT WARNING * * *
You barely miss the worm.
The worm is heavily wounded.
You are no longer magically infusing your attacks.
The worm bites you.
* * * LOW HITPOINT WARNING * * *
You barely miss the worm.
The worm is heavily wounded.
You hit the worm but do no damage.
The worm is heavily wounded.
Your song is almost over.
The worm bites you!
You die...

...........?.............##.####
........................(##....#
...........##............###...##
...........)#.#'###########8...8#
.....w......#.#.# ##...##
.........<..%>#.# #...#
...........####.# ##...##
...............w###########8...⌠#
.......[..).####@.........##...##
............#.......#####.##...#
............#.....<..# #.##...##
............#........# #.#8...8#
...##..o#'#.#........# #.##)..##
........#.#.#.......## #......#
...###..#.#.######### ######## .
.....#.# ###.


You could see a worm.

Vanquished Creatures
  2 orcs (D:3)
  2 bats
  3 goblins
  2 hobgoblins (D:3)
  2 kobolds (D:1)
  A giant newt (D:2)
  4 rats
16 creatures vanquished.

Notes
Turn   | Place    | Note
--------------------------------------------------------------
     0 | D:1      | Jmtri7 the Ogre Skald began the quest for the Orb.
     0 | D:1      | Reached XP level 1. HP: 22/22 MP: 3/3
    71 | D:1      | Reached skill level 3 in Fighting
   147 | D:2      | Reached XP level 2. HP: 31/31 MP: 1/5
   160 | D:2      | Learned a level 2 spell: Song of Slaying
   540 | D:3      | HP: 1/31 [worm (3)]
   542 | D:3      | Mangled by a worm

Vault maps used:
D:1:      elethiomel_arrival_quiet, wad_floor_pattern_2, minmay_misc_feat_chi
D:2:      ecumenical_altar_1, minmay_misc_feat_room, dk_noncrumbling_4,
          uniq_crazy_yiuf_cottage
D:3:      first_bread, corexii_hall_statues_i, uniq_terence, uniq_natasha

Action                   || total
-------------------------++-------
Melee: Mace              ||    71
 Cast: Infusion          ||     7
       Song of Slaying   ||     3
  Use: Potion            ||     2
       Scroll            ||     1
